 Dungeon Crawl Stone Soup version 0.30-a0-967-g9b59a09336 (webtiles) character file.

Game seed: 9234644238803115438

577 Cecky the Conjurer (level 7, -5/76 HPs)
             Began as a Gnoll Conjurer on Mar 31, 2023.
             Was an Initiate of Ashenzari.
             Killed by divine providence
             ... invoked by an orc priest
              (11 damage)
             ... on level 5 of the Dungeon.
             The game lasted 00:13:30 (4979 turns).

Cecky the Conjurer (Gnoll Conjurer)                 Turns: 4979, Time: 00:13:31

Health: -5/76      AC:  4    Str:  8    XL:     7   Next: 35%
Magic:  14/15      EV: 13    Int: 17    God:    Ashenzari [......]
Gold:   225        SH:  0    Dex: 11    Spells: 13/17 levels left

rFire   . . .      SeeInvis .    t - +0 short sword (speed)
rCold   . . .      Faith    .    (no shield)
rNeg    . . .      Spirit   .    a - +0 robe
rPois   .          Reflect  .    (no helmet)
rElec   .          Rampage  .    (no cloak)
rCorr   .                        k - +0 pair of gloves
Will    .....                    h - +0 pair of boots Stlth
                                 (no amulet)
HPRegen 0.32/turn                (no ring)
MPRegen 0.14/turn                (no ring)

@: berserking (expiring), very quick
A: fangs 1, strong nose, distributed training
a: Renounce Religion


You were on level 5 of the Dungeon.
You worshipped Ashenzari.
Ashenzari was noncommittal.
You visited 2 branches of the dungeon, and saw 6 of its levels.

You collected 225 gold pieces.

Inventory:

Hand Weapons
 t - a +0 short sword of speed (weapon)
Missiles
 e - 3 curare-tipped darts (quivered)
 o - 3 poisoned darts
Armour
 a - a +0 robe (worn)
 h - a +0 pair of boots (worn)
 k - a +0 pair of gloves (worn)
Wands
 p - a wand of polymorph (18)
Scrolls
 d - a scroll of teleportation {unknown}
 g - 2 scrolls of amnesia
 j - a scroll of fear
 l - a scroll of torment {unknown}
 m - a scroll of magic mapping
 q - a scroll of fog {unknown}
 v - a scroll of enchant armour {unknown}
Potions
 b - 5 potions of magic
 c - a potion of cancellation
 i - 2 potions of ambrosia
 n - a potion of curing
 r - a potion of resistance {unknown}
 s - a potion of degeneration {unknown}
 u - a potion of lignification {unknown}


   Skills:
 + Level 2.5 Fighting
 + Level 2.5 Short Blades
 + Level 2.5 Long Blades
 + Level 2.5 Axes
 + Level 2.5 Maces & Flails
 + Level 2.5 Polearms
 + Level 2.5 Staves
 + Level 2.5 Ranged Weapons
 + Level 2.5 Throwing
 + Level 2.5 Armour
 + Level 5.2 Dodging
 + Level 4.9 Stealth
 + Level 2.5 Shields
 + Level 2.5 Unarmed Combat
 + Level 5.6 Spellcasting
 + Level 7.4 Conjurations
 + Level 2.0 Hexes
 + Level 2.0 Summonings
 + Level 2.0 Necromancy
 + Level 2.0 Translocations
 + Level 2.0 Transmutations
 + Level 2.0 Fire Magic
 + Level 2.0 Ice Magic
 + Level 2.0 Air Magic
 + Level 2.0 Earth Magic
 + Level 2.0 Poison Magic
 + Level 2.8 Invocations
 + Level 2.5 Evocations


You had 13 spell levels left.
You knew the following spells:

 Your Spells              Type           Power      Damage    Failure   Level
a - Magic Dart            Conj           100%       1d8       1%          1
b - Call Canine Familiar  Summ           11%        N/A       17%         3

Your spell library contained the following spells:

 Spells                   Type           Power      Damage    Failure   Level
 Searing Ray              Conj           60%        2d6       1%          2
 Summon Small Mammal      Summ           44%        N/A       5%          1
 Dazzling Flash           Conj/Hex       42%        N/A       5%          3
 Wereblood                Tmut           11%        N/A       9%          2
 Inner Flame              Hex/Fire       11%        N/A       17%         3
 Kindle Blastsparks       Fire/Tloc/Air  22%        2d11      17%         3
 Summon Guardian Golem    Hex/Summ       11%        N/A       17%         3
 Fulminant Prism          Conj/Hex       10%        3d9       19%         4
 Iskenderun's Mystic Bla  Conj/Tloc      21%        2d6       19%         4
 Fireball                 Conj/Fire      10%        3d6       45%         5
 Cause Fear               Hex            5%         N/A       50%         4
 Dragon Form              Tmut           5%         N/A       100%        7
 Discord                  Hex            5%         N/A       100%        8


Dungeon Overview and Level Annotations

Branches:
Dungeon (5/15)             Temple (1/1) D:5

Altars:
Ashenzari
Cheibriados
Dithmenos
Elyvilon
Gozag
Hepliaklqana
Kikubaaqudgha
Makhleb
Nemelex Xobeh
Okawaru
Qazlal
Ru
Sif Muna
Trog
Uskayaw
Vehumet
Wu Jian
Xom
Yredelemnul
Zin
The Shining One


Innate Abilities, Weirdness & Mutations

You have very sharp teeth.
Your uncanny sense of smell can sniff out nearby items.
Your experience applies equally to all skills.


Message History

Your hound dies!
Your hound's corpse disappears in a puff of smoke!
The iguana attacks as you move away! The iguana closely misses you.
The iguana attacks as you move away! The iguana barely misses you.
The iguana attacks as you move away! The iguana bites you!
The iguana attacks as you move away! The iguana barely misses you.
Really walk into that dispersal trap?
You enter a dispersal trap!
The iguana blinks! x2; The orc priest blinks!
The orc blinks!
You blink.
The iguana bites you but does no damage.
A red film seems to cover your vision as you go berserk!
You feel yourself moving faster!
You feel mighty! The iguana completely misses you.
The orc priest calls down the wrath of Beogh upon you.
Something writhes in agony.
You barely miss the iguana.
The iguana is lightly wounded.
You hit the iguana.
The iguana is moderately wounded.
The iguana closely misses you. Something hits you.
You puncture the iguana!
You kill the iguana!
Something hits you but does no damage. The orc hits you with a +0 mace!
* * * LOW HITPOINT WARNING * * *
You closely miss the orc. You puncture the orc!
You kill the orc!
Something hits you.
* * * LOW HITPOINT WARNING * * *
The orc priest mumbles some strange prayers to Beogh against you.
Beogh smites you!
* * * LOW HITPOINT WARNING * * *
You are too berserk!
You closely miss something. You hit something. Your bite misses something.
Unknown command.
You miss something. Something hits you but does no damage.
The orc priest mumbles some strange prayers to Beogh against you.
Beogh smites you!
You die...

*,,,,,,****####..#......#.###.###
#*,,_,,,,,,,....,+......'........
,,,,,,,**,*####*,#......#.##.####
,∆,,,,,**,,,,,,,,#......#........
,****#...,,,∆....................
#### #...,,,,....................
...# #..####################+###.
...# #..#......{.).............#.
o..###..#.....o.@....^.........#)
....##..#..[...................#.
.##.##.##.##################...#.
.#..o......##.,,,,,,,,,,,,,#...#.
........h.......,∆,,,,,,,,,#...#.
.#..⌠...⌠..#....,,,,,,,,,,,+...#.
.#.........##....,,,,,,,,,,*...#.
......>..........,,,,,,,,,,*,,,#.
.#.........#.....,,,,,,,,,,*,,,#.


You could see an orc priest.

Vanquished Creatures
  An ice beast (D:5)
  An ogre (D:4)
  A phantom (D:4)
  2 jellies (D:5)
  A hound (D:5)
  An orc priest (D:3)
  2 iguanas
  6 adders
  2 worms (D:2)
  2 dart slugs
  8 orcs
  8 ball pythons
  A bat (D:1)
  7 endoplasms
  4 giant cockroaches
  9 hobgoblins
  3 jackals (D:1)
  6 quokkas
  6 frilled lizards
  14 goblins
  6 kobolds
  A rat (D:1)
92 creatures vanquished.

Notes
Turn   | Place    | Note
-------+----------+-------------------------------------------
     0 | D:1      | Cecky the Gnoll Conjurer began the quest for the Orb.
     0 | D:1      | Reached XP level 1. HP: 13/13 MP: 6/6
   159 | D:1      | Reached XP level 2. HP: 19/19 MP: 5/7
   642 | D:1      | Reached skill level 5 in Spellcasting
   642 | D:1      | Reached XP level 3. HP: 25/25 MP: 5/9
   837 | D:1      | Reached skill level 1 in Invocations
  1184 | D:2      | Learned a level 3 spell: Call Canine Familiar
  1229 | D:2      | Reached skill level 1 in Fighting
  1229 | D:2      | Reached skill level 1 in Short Blades
  1229 | D:2      | Reached skill level 1 in Long Blades
  1229 | D:2      | Reached skill level 1 in Axes
  1229 | D:2      | Reached skill level 1 in Maces & Flails
  1229 | D:2      | Reached skill level 1 in Polearms
  1229 | D:2      | Reached skill level 1 in Staves
  1229 | D:2      | Reached skill level 1 in Ranged Weapons
  1229 | D:2      | Reached skill level 1 in Throwing
  1229 | D:2      | Reached skill level 1 in Armour
  1229 | D:2      | Reached skill level 1 in Shields
  1229 | D:2      | Reached skill level 1 in Unarmed Combat
  1229 | D:2      | Reached skill level 1 in Evocations
  1370 | D:2      | Found a sparkling altar of Nemelex Xobeh.
  1428 | D:2      | Reached XP level 4. HP: 32/32 MP: 9/11
  1828 | D:2      | Reached skill level 1 in Hexes
  1828 | D:2      | Reached skill level 1 in Summonings
  1828 | D:2      | Reached skill level 1 in Necromancy
  1828 | D:2      | Reached skill level 1 in Translocations
  1828 | D:2      | Reached skill level 1 in Transmutations
  1828 | D:2      | Reached skill level 1 in Fire Magic
  1828 | D:2      | Reached skill level 1 in Ice Magic
  1828 | D:2      | Reached skill level 1 in Air Magic
  1828 | D:2      | Reached skill level 1 in Earth Magic
  1828 | D:2      | Reached skill level 1 in Poison Magic
  2466 | D:3      | Reached XP level 5. HP: 37/37 MP: 8/12
  2632 | D:3      | Got Sif Muna's Cyclopedia of Calefaction and Flesh
  3268 | D:4      | Noticed an ogre
  3276 | D:4      | Killed an ogre
  3277 | D:4      | Reached XP level 6. HP: 44/44 MP: 2/14
  3569 | D:4      | Reached skill level 5 in Dodging
  4129 | D:5      | Entered Level 5 of the Dungeon
  4239 | D:5      | Noticed an ice beast
  4240 | D:5      | Found a staircase to the Ecumenical Temple.
  4583 | D:5      | Reached XP level 7. HP: 51/51 MP: 10/15
  4725 | Temple   | Entered the Ecumenical Temple
  4797 | Temple   | Became a worshipper of Ashenzari the Shackled
  4979 | D:5      | Killed from afar by an orc priest

Illustrated notes

Levels and vault maps discovered:
D:1:      psy_arrival_dodecagon, layout_basic, feat_on_display
D:2:      layout_basic, basic_altar, minivault_4, minivault_27
D:3:      layout_basic
D:4:      layout_loops_ring
D:5:      layout_basic, fedhas_altar_1, minmay_temple_entry_large_hall
Temple:   nicolae_temple_slightly_damp_pantheon

Skill      XL: |  1  2  3  4  5  6  7 |
---------------+----------------------+-----
Spellcasting   | 5 |  5.6
Invocations    | 1 2 |  2.8
Fighting       | 1 2 |  2.5
Short Blades   | 1 2 |  2.5
Long Blades    | 1 2 |  2.5
Axes           | 1 2 |  2.5
Maces & Flails | 1 2 |  2.5
Polearms       | 1 2 |  2.5
Staves         | 1 2 |  2.5
Ranged Weapons | 1 2 |  2.5
Throwing       | 1 2 |  2.5
Armour         | 1 2 |  2.5
Shields        | 1 2 |  2.5
Unarmed Combat | 1 2 |  2.5
Evocations     | 1 2 |  2.5
Hexes          | 1 2 |  2.0
Summonings     | 1 2 |  2.0
Necromancy     | 1 2 |  2.0
Translocations | 1 2 |  2.0
Transmutations | 1 2 |  2.0
Fire Magic     | 1 2 |  2.0
Ice Magic      | 1 2 |  2.0
Air Magic      | 1 2 |  2.0
Earth Magic    | 1 2 |  2.0
Poison Magic   | 1 2 |  2.0
Dodging        | 5 |  5.2
Stealth        | |  4.9
Conjurations   | |  7.4

Action                     |  1- 3 |  4- 6 |  7- 9 || total
---------------------------+-------+-------+-------++-------
  Melee: Short sword       |       |       |     8 ||     8
   Cast: Magic Dart        |    79 |   132 |     9 ||   220
         Call Canine Famil |       |     2 |     2 ||     4
    Use: Scroll            |       |     7 |     1 ||     8
         Potion            |       |       |     1 ||     1
 Armour: Robe              |     1 |     4 |     5 ||    10
  Dodge: Dodged            |     4 |     9 |     8 ||    21

Table legend: (Time is in decaauts)
 A = Elapsed time spent in this place.
 B = Non-inter-level travel time spent in this place.
 C = Inter-level travel time spent in this place.
 D = Time resting spent in this place.
 E = Time spent auto-exploring this place.
 F = Levels seen in this place.
 G = Mean time per level.
                   A        B        C        D        E       F      G
               +--------+--------+--------+--------+--------+-----+--------+
         Total |   4973 |   4802 |    171 |   1454 |   2399 |   6 |  828.8 |
       Dungeon |   4769 |   4614 |    155 |   1454 |   2247 |   5 |  953.8 |
        Temple |    203 |    187 |     16 |      0 |    152 |   1 |  203.0 |
               +--------+--------+--------+--------+--------+-----+--------+

Top non-repeatable levels by time:
     D:1: 1078 daAuts
     D:3: 1044 daAuts
     D:4: 1009 daAuts
     D:2: 995 daAuts
     D:5: 641 daAuts
  Temple: 203 daAuts
